 Dungeon Crawl Stone Soup version 0.31-a0-700-gf13585253f (console) character file.

Game seed: 310416813082839162

1507302 orblet the End of an Era (level 27, 230/230 HPs)
             Began as a Demonspawn Fighter on Sept 7, 2023.
             Was the Champion of Qazlal.
             Escaped with the Orb
             ... and 3 runes on Sept 8, 2023!
             The game lasted 04:24:49 (90779 turns).

orblet the End of an Era (Demonspawn Fighter)      Turns: 90779, Time: 04:24:49

Health: 230/230    AC: 26    Str: 27    XL:     27
Magic:  49/49      EV: 30    Int:  6    God:    Qazlal [******]
Gold:   3943       SH: 13    Dex: 24    Spells: 26/26 levels left

rFire   + + +        b - +3 staff {ele, rElec rF+ rC+ AC+3}
rCold   + + +        (no shield)
rNeg    + . .        p - +5 chain mail "Norhocum" {MP+9 Dex+6}
rPois   .            (helmet unavailable)
rElec   +            L - +4 dragonskin cloak
rCorr   +            (gloves unavailable)
SInv    +            (boots unavailable)
Will    ++...        k - amulet "Yterev" {Reflect rCorr Str+4 SH+5} Stlth
                     s - ring "Belousyi" {rElec rF++ rC+ Int-4}
HPRegen 0.58/turn    F - ring of Mirth {rN+ EV+5}
MPRegen 0.31/turn

%: repel missiles, reflection
@: studying 2 skills
A: antennae 3, hooves 3, foul stench 3, black mark, demonic magic 3, bedeviling,
aura of silence, demonic touch 3, clumsy 1, cold resistance 1, deformed body
0: Orb of Zot
}: 3/15 runes: barnacled, silver, gossamer
a: Renounce Religion, Upheaval, Elemental Force, Disaster Area


You escaped.
You worshipped Qazlal.
Qazlal was exalted by your worship.
You visited 11 branches of the dungeon, and saw 51 of its levels.
You visited 1 bazaar.
You also visited: Bailey, Ice Cave and Volcano.

You collected 6680 gold pieces.
You spent 2737 gold pieces at shops.

Inventory:

Hand Weapons
 a - a +5 spectral demon trident
 b - the +3 Elemental Staff (weapon) {ele, rElec rF+ rC+ AC+3}
   (You acquired it on level 3 of the Elven Halls)

   AC+3:      It affects your AC (+3).
   rF+:       It protects you from fire.
   rC+:       It protects you from cold.
   rElec:     It insulates you from electricity.
 X - a +3 demon trident of flaming
Missiles
 u - 7 throwing nets
 D - 7 curare-tipped darts (quivered)
Armour
 p - the +5 chain mail "Norhocum" (worn) {MP+9 Dex+6}
   (You found it on level 3 of the Shoals)

   Dex+6:     It affects your dexterity (+6).
   MP+9:      It affects your magic capacity (+9).
 t - a scarf of resistance
 L - the +4 dragonskin cloak (worn)
   (You found it on level 4 of the Realm of Zot)

   Avatar's Aegis: It grants the wearer a chance to resist fire, cold, poison,
   electricity, acid, and negative energy.
Jewellery
 k - the amulet "Yterev" (around neck) {Reflect rCorr Str+4 SH+5}
   (You found it on level 4 of the Shoals)

   [amulet of reflection]

   Reflect:   It reflects blocked missile attacks.
   Str+4:     It affects your strength (+4).
   rCorr:     It protects you from acid and corrosion.
   SH+5:      It affects your SH (+5).
 n - a ring of resist corrosion
 s - the ring "Belousyi" (left hand) {rElec rF++ rC+ Int-4}
   (You took it off a yaktaur captain on level 5 of the Vaults)

   [ring of protection from cold]

   Int-4:     It affects your intelligence (-4).
   rF++:      It greatly protects you from fire.
   rC+:       It protects you from cold.
   rElec:     It insulates you from electricity.
 x - a +4 ring of protection
 y - a ring of poison resistance
 z - a ring of willpower
 F - the ring of Mirth (right hand) {rN+ EV+5}
   (You bought it in a shop in a bazaar)

   [ring of evasion]

   EV+5:      It affects your evasion (+5).
   rN+:       It protects you from negative energy.
 I - the ring of the Rescuing King {Ice rCorr Str+3}
   (You took it off Josephina on level 4 of the Realm of Zot)

   [ring of ice]

   Ice:       It enhances your ice magic.
   Str+3:     It affects your strength (+3).
   rF-:       It makes you vulnerable to fire.
   rC+:       It protects you from cold.
   rCorr:     It protects you from acid and corrosion.
 R - a +4 ring of protection
Wands
 e - a wand of iceblast (49)
 q - a wand of mindburst (41)
 w - a wand of charming (39)
 A - a wand of flame (86)
 O - a wand of digging (16)
 P - a wand of acid (14)
 V - a wand of polymorph (20)
Scrolls
 d - 8 scrolls of fear
 h - 19 scrolls of teleportation
 o - 6 scrolls of blinking
 v - 4 scrolls of revelation
 G - 6 scrolls of enchant armour
 J - a scroll of summoning
 M - 4 scrolls of silence
Potions
 c - a potion of cancellation
 f - 7 potions of mutation
 g - 16 potions of curing
 i - 3 potions of heal wounds
 j - 9 potions of attraction
 l - 2 potions of haste
 m - 7 potions of magic
 r - 11 potions of lignification
 B - 5 potions of resistance
 E - 4 potions of enlightenment
 K - 6 potions of invisibility
 U - 5 potions of might
Miscellaneous
 C - a tin of tremorstones (2/2)
 H - a lightning rod (4/4)
 Q - a phial of floods
 S - a box of beasts


   Skills:
 + Level 21.6 Fighting
 - Level 14.5(15.2) Polearms
 - Level 7.6(12.0) Staves
 - Level 1.2 Throwing
 - Level 23.0 Armour
 - Level 20.1 Dodging
 - Level 2.6 Shields
 O Level 27 Invocations
 + Level 22.6 Evocations


You had 26 spell levels left.
You didn't know any spells.
Your spell library contained the following spells:

 Spells                   Type           Power      Damage    Failure   Level
 Apportation              Tloc           0%         N/A       75%         1
 Magic Dart               Conj           0%         1d3       75%         1
 Necrotise                Necr           0%         1d4       75%         1
 Sandblast                Erth           0%         2d4       75%         1
 Shock                    Conj/Air       0%         1d3       75%         1
 Slow                     Hex            0%         N/A       75%         1
 Summon Small Mammal      Summ           0%         N/A       75%         1
 Blink                    Tloc           0%         N/A       86%         2
 Call Imp                 Summ           0%         N/A       86%         2
 Cigotuvi's Dreadful Rot  Necr/Pois/Air  0%         N/A       86%         2
 Ensorcelled Hibernation  Hex/Ice        0%         N/A       86%         2
 Jinxbite                 Hex            0%         N/A       86%         2
 Momentum Strike          Conj/Tloc      0%         3d8       86%         2
 Passwall                 Tmut/Erth      0%         N/A       86%         2
 Searing Ray              Conj           0%         2d4       86%         2
 Static Discharge         Conj/Air       0%         2-2/arc   86%         2
 Sublimation of Blood     Necr           0%         N/A       86%         2
 Wereblood                Tmut           0%         N/A       86%         2
 Call Canine Familiar     Summ           0%         N/A       98%         3
 Confusing Touch          Hex            0%         N/A       98%         3
 Dazzling Flash           Conj/Hex       0%         N/A       98%         3
 Inner Flame              Hex/Fire       0%         N/A       98%         3
 Mephitic Cloud           Conj/Pois/Air  0%         N/A       98%         3
 Portal Projectile        Hex/Tloc       0%         N/A       98%         3
 Sigil of Binding         Hex            0%         N/A       98%         3
 Summon Guardian Golem    Hex/Summ       0%         N/A       98%         3
 Swiftness                Air            0%         N/A       98%         3
 Vampiric Draining        Necr           0%         2d6       98%         3
 Volatile Blastmotes      Fire/Tloc      0%         2d10      98%         3
 Airstrike                Air            0%         2d(0-16)  100%        4
 Anguish                  Hex/Necr       0%         N/A       100%        4
 Animate Armour           Summ/Erth      0%         N/A       100%        4
 Cause Fear               Hex            0%         N/A       100%        4
 Dispel Undead            Necr           0%         3d6       100%        4
 Flame Wave               Conj/Fire      0%         2d4       100%        4
 Fulminant Prism          Conj/Hex       0%         3d5       100%        4
 Iskenderun's Mystic Bla  Conj/Tloc      0%         2d3       100%        4
 Leda's Liquefaction      Hex/Erth       0%         N/A       100%        4
 Manifold Assault         Tloc           0%         N/A       100%        4
 Olgreb's Toxic Radiance  Pois           0%         N/A       100%        4
 Petrify                  Tmut/Erth      0%         N/A       100%        4
 Sticky Flame             Conj/Fire      0%         2d3       100%        4
 Summon Ice Beast         Ice/Summ       0%         N/A       100%        4
 Summon Lightning Spire   Summ/Air       0%         N/A       100%        4
 Vhi's Electric Charge    Tloc/Air       0%         N/A       100%        4
 Agony                    Necr           0%         N/A       100%        5
 Arcjolt                  Conj/Air       0%         1d10      100%        5
 Fireball                 Conj/Fire      0%         3d3       100%        5
 Freezing Cloud           Conj/Ice/Air   0%         6-21      100%        5
 Lee's Rapid Deconstruct  Erth           0%         3d4*      100%        5
 Silence                  Hex/Air        0%         N/A       100%        5
 Summon Forest            Summ/Tloc      0%         N/A       100%        5
 Summon Mana Viper        Hex/Summ       0%         N/A       100%        5
 Yara's Violent Unravell  Hex/Tmut       0%         3d3       100%        5
 Conjure Ball Lightning   Conj/Air       0%         3x3d6     100%        6
 Death Channel            Necr           0%         N/A       100%        6
 Eringya's Noxious Bog    Tmut/Pois      0%         4d6       100%        6
 Plasma Beam              Fire/Air       0%         2x1d10    100%        6
 Summon Cactus Giant      Summ           0%         N/A       100%        6
 Enfeeble                 Hex            0%         N/A       100%        7
 Haunt                    Necr/Summ      0%         N/A       100%        7
 Malign Gateway           Summ/Tloc      0%         N/A       100%        7
 Monstrous Menagerie      Summ           0%         N/A       100%        7
 Orb of Destruction       Conj           0%         9d5       100%        7
 Ozocubu's Refrigeration  Ice            0%         4d7       100%        7
 Spellforged Servitor     Conj/Summ      0%         N/A       100%        7
 Summon Hydra             Summ           0%         N/A       100%        7
 Borgnjor's Revivificati  Necr           0%         N/A       100%        8
 Discord                  Hex            0%         N/A       100%        8
 Disjunction              Tloc           0%         N/A       100%        8
 Ignition                 Fire           0%         3d3       100%        8
 Infestation              Necr           0%         N/A       100%        8
 Summon Horrible Things   Summ           0%         N/A       100%        8
 Death's Door             Necr           0%         N/A       100%        9
 Dragon's Call            Summ           0%         N/A       100%        9


Dungeon Overview and Level Annotations

Branches:
Dungeon (15/15)            Temple (1/1) D:5            Lair (5/5) D:9
 Shoals (4/4) Lair:3       Spider (4/4) Lair:3        Slime (0/5) Lair:4
    Orc (2/2) D:11            Elf (3/3) Orc:2        Vaults (5/5) D:13
  Crypt (3/3) Vaults:3       Tomb (0/3) Crypt:3      Depths (4/4) D:15
    Zot (5/5) Depths:4     Bailey (visited)           IceCv (visited)
Volcano (visited)

Altars:
Ashenzari
Cheibriados
Dithmenos
Fedhas
Gozag
Hepliaklqana
Kikubaaqudgha
Makhleb
Nemelex Xobeh
Okawaru
Qazlal
Ru
Sif Muna
Trog
Uskayaw
Vehumet
Wu Jian
Xom
Yredelemnul
Jiyva

Shops:
D:2 !   D:7 *   Orc:2 :=([!   Elf:1 =   Elf:2 !   Elf:3 *   Vaults:1 *
Vaults:4 [

Portals:
Hell: Depths:1 Depths:2 Depths:3 Depths:4
Abyss: Depths:1 Depths:2 Depths:3
Pandemonium: Depths:2 Depths:3
Ziggurat: Depths:3

Annotations:
D:13 6 transporters
Shoals:3 Bai Suzhen
Elf:2 3 runed translucent doors
Elf:3 Roxanne
Zot:2 36 runed doors


Innate Abilities, Weirdness & Mutations

You have a pair of large antennae on your head. (SInv)
You have hooves in place of feet.
You frequently emit foul miasma when damaged in melee.
Your melee attacks may debilitate your foes.
Spells you cast and wands you use may paralyse nearby enemies.
Your hexes are more powerful.
You are surrounded by an aura of silence.
Your touch may irresistibly damage your foes and sap their willpower.
You are clumsy. (Dex -2)
Your flesh is cold resistant. (rC+)
Armour fits poorly on your strangely shaped body.


Message History

Your touch misses the profane servitor.
The profane servitor is almost destroyed.
Your +5 spectral demon trident hits the profane servitor!
Your +5 spectral demon trident is engulfed in blazing flames. x2
The profane servitor hits your +5 spectral demon trident with a +1 whip!
Your spectral weapon shares its damage with you!
The profane servitor hits your +5 spectral demon trident with a +1 whip.
Your spectral weapon shares its damage with you!
Your +5 spectral demon trident disappears.
You completely miss the profane servitor.
Your kick misses the profane servitor.
The profane servitor is almost destroyed.
Your +5 spectral demon trident hits the profane servitor but does no damage.
You block the profane servitor's attack.
The profane servitor completely misses you.
You hit the profane servitor. You kick the profane servitor.
The profane servitor is almost destroyed.
Your +5 spectral demon trident misses the profane servitor.
You miss the profane servitor. Your kick misses the profane servitor.
Your touch misses the profane servitor.
The profane servitor is almost destroyed.
Your +5 spectral demon trident completely misses the profane servitor.
You block the profane servitor's attack.
The profane servitor hits you but does no damage.
Your +5 spectral demon trident is engulfed in freezing vapours.
You puncture the profane servitor!
You destroy the profane servitor!
Qazlal accepts your kill.
Your +5 spectral demon trident disappears.
b - the +3 Elemental Staff (weapon)
{ele, rElec rF+ rC+ AC+3}
(D) Dungeon (T) Temple (L) Lair (A) Shoals (N) Spider Nest (M) Slime Pits (O) Orcish Mines (E) Elven Halls (V) Vaults (C) Crypt (W) Tomb (U) Depths (H) Hell (Z) Zot
Where to? (Tab/Enter - D:1 @ (x,y), ? - help)
There is an open door here.
There is a staircase leading out of the dungeon here.
You start resting.
HP restored.
You have escaped!

............##.##...##..#.##.##.#
............##.##...##..#.##.##.#
............##..#'####..#.##.##.#
............##....####..#.##.##.#
............##.#...).##'#.##.##.#
###.##......##.##.......#..#.##.#
.##.#.......##.####'#......#.##.#
..#.........##.#....#+#..#.#.##.#
..#..#########.#@...'.####.#.##.#
..#..#########.######## #.#.##.#
...................# #.#.##.#
...............###)#######.#.##.#
...............#...........#.##.#
...............#############.##.#
.............................##.#
..............#################.#
..################## #.#


There were no monsters in sight!

Vanquished Creatures
  7 dread liches
  8 orbs of fire
  2 ancient liches
  3 juggernauts
  Josephina (Zot:4)
  Boris (thrice) (Vaults:2 Depths:1 Crypt:1)
  Margery (Vaults:2)
  The ghost of Nuh Ema the Eclecticist, a veteran HuVM of Jiyva (Crypt:2)
  4 Killer Klowns
  Frederick (Crypt:1)
  A shard shrike (Zot:4)
  3 curse toes
  Saint Roka (Depths:1)
  13 golden dragons
  Norris (Vaults:1)
  2 bone dragons
  2 profane servitors
  17 tentacled monstrosities
  5 electric golems
  Jorgrun (Lair:3)
  5 liches
  Rupert (Lair:5)
  2 hellephants
  Zenata (Vaults:2)
  25 Orb Guardians (Zot:5)
  Asterion (Spider:1)
  A walking frostbound tome (Depths:3)
  3 deep elf master archers (Elf:3)
  5 deep elf blademasters
  4 titans
  A sphinx (shapeshifter) (Vaults:5)
  The ghost of Rudeojiy the Peltast, an adept MiFi of the Shining One (Spider:4)
  6 acid blobs (Depths:2)
  8 quicksilver dragons
  6 sphinxes
  6 ancient champions
  7 death cobs
  A kraken (Shoals:2)
  Agnes (D:14)
  9 tengu reavers
  14 shadow dragons
  Aizul (Spider:4)
  2 revenants
  Donald (Vaults:1)
  12 draconian monks
  13 storm dragons
  5 azure jellies (Depths:2)
  7 rockslimes (Depths:2)
  12 fire giants
  A fire giant (shapeshifter) (Vaults:5)
  8 frost giants
  7 ghost moths
  7 emperor scorpions
  6 draconian knights
  Louise (Depths:1)
  A curse skull (Crypt:3)
  10 deep elf sorcerers
  24 vault wardens
  6 draconian annihilators
  A frost giant (shapeshifter) (Zot:2)
  7 draconian scorchers
  An iron dragon (Zot:2)
  3 ghouls (Crypt:1)
  13 draconian shifters
  5 draconian stormcallers
  2 broodmothers
  4 deep elf elementalists
  3 orc warlords
  20 ironbound preservers
  5 formless jellyfish
  3 spriggan defenders
  5 very ugly things
  A reaper (D:15)
  13 green draconians
  6 war gargoyles
  3 deep elf demonologists
  17 stone giants
  Azrael (Elf:1)
  11 ironbound thunderhulks
  8 black draconians
  3 vampire knights (Crypt:1)
  12 red draconians
  12 yellow draconians
  6 deep elf annihilators
  17 white draconians
  4 dire elephants
  3 eidola
  7 spark wasps
  12 ettins
  20 purple draconians
  13 fire dragons
  5 merfolk impalers
  13 jiangshi
  5 merfolk javelineers (Shoals:4)
  A blizzard demon (Depths:2)
  14 deep elf death magi
  2 pearl dragon zombies (Crypt:3)
  5 great orbs of eyes
  6 deep elf high priests
  17 yaktaur captains
  An entropy weaver (shapeshifter) (D:15)
  6 entropy weavers
  Harold (D:11)
  4 jorogumos
  11 ice dragons
  36 vault guards
  4 spriggan air magi
  10 ironbound frosthearts
  3 ogre magi
  A hell beast (Depths:2)
  A radroach (Spider:2)
  Erolcha (D:13)
  A sphinx zombie (Depths:1)
  4 hydras
  A catoblepas (Lair:3)
  2 merfolk avatars (Shoals:3)
  4 peacekeepers
  5 death knights
  An anaconda (shapeshifter) (Vaults:5)
  6 two-headed ogres
  7 boulder beetles
  13 dancing weapons
  A spriggan skeleton (Crypt:3)
  3 hell hogs (Crypt:3)
  18 centaur warriors
  6 merfolk aquamancers
  An Orb Guardian skeleton (Crypt:1)
  An alligator snapping turtle (Shoals:1)
  2 satyrs
  7 vampire magi
  3 deep troll shamans
  8 tengu warriors
  8 deep troll earth magi
  6 orc high priests
  10 death yaks
  6 demonic crawlers
  3 spriggan berserkers
  4 hell knights
  12 deep elf knights
  7 iron trolls
  9 skysharks
  6 shadow wraiths
  A titan skeleton (Crypt:3)
  An emperor scorpion zombie (Crypt:1)
  A sun demon (D:15)
  2 salamander mystics (Depths:1)
  16 sea snakes
  7 flayed ghosts
  12 skeletal warriors
  8 pharaoh ants
  3 sixfirhies
  The ghost of MrCrawl the Thaumaturge, a novice DEFE of Vehumet (D:10)
  A sun moth (Spider:2)
  47 deep trolls
  8 deep elf archers
  4 glowing orange brains
  8 lindwurms
  A shadow demon (Depths:3)
  A swamp dragon (shapeshifter) (Depths:3)
  4 wizards
  6 orb spiders
  12 phantasmal warriors
  A bog body (Crypt:1)
  8 steelbarb worms
  16 orc knights
  An obsidian statue (Depths:3)
  13 ironbound convokers
  An orange crystal statue (Vaults:2)
  27 harpies
  28 deep elf zephyrmancers
  19 wolf spiders
  25 deep elf pyromancers
  4 necromancers
  An iron giant skeleton (Crypt:1)
  18 ugly things
  10 manticores
  6 salamanders (Depths:1)
  14 cyclopes
  34 moths of wrath
  2 orc sorcerers
  A moth of wrath (shapeshifter) (Vaults:5)
  6 elephants
  19 fauns
  22 vault sentinels
  3 rust devils
  7 black mambas
  An ice statue (IceCv)
  14 merfolk sirens
  A formless jellyfish zombie (Crypt:3)
  A water nymph (shapeshifter) (Vaults:5)
  4 apis skeletons (Crypt:3)
  8 water nymphs
  2 torpor snails (Spider:4)
  4 gargoyles
  15 cane toads
  2 smoke demons (Depths:3)
  A spriggan zombie (Depths:1)
  A rime drake (shapeshifter) (D:14)
  A storm dragon simulacrum (Zot:4)
  4 freezing wraiths (Crypt:1)
  11 komodo dragons
  54 yaktaurs
  3 tengu conjurers
  A redback zombie (Crypt:2)
  3 efreet
  4 rime drakes
  34 merfolk
  A golden dragon simulacrum (Zot:4)
  A guardian mummy (Zot:1)
  6 trolls
  3 meliai (Spider:4)
  2 tyrant leeches
  14 polar bears
  10 wind drakes
  5 hornets
  20 tarantellas
  An ettin zombie (Depths:1)
  A jumping spider zombie (Crypt:2)
  38 blink frogs
  3 snapping turtles
  16 dream sheep
  2 culicivoras (shapeshifter)
  A slime creature (shapeshifter) (Vaults:5)
  32 jumping spiders
  A centaur simulacrum (D:10)
  An ettin skeleton (Crypt:3)
  26 culicivoras
  2 vampires
  2 air elementals
  51 slime creatures
  A black mamba zombie (Crypt:3)
  Sigmund (D:2)
  10 wraiths
  4 flying skulls
  2 ynoxinuls
  4 fire bats (Depths:1)
  4 spriggans
  19 water elementals
  51 yaks
  11 fire elementals
  5 hogs
  2 wyverns
  8 vampire mosquitoes
  4 basilisks
  Menkaure (D:5)
  A human (D:13)
  A neqoxec (Depths:3)
  51 redbacks
  3 steam dragons
  A white draconian simulacrum (Zot:4)
  3 chaos spawn
  2 redback simulacra
  A warg (Orc:1)
  Edmund (D:5)
  A deep troll zombie (Crypt:1)
  3 acid dragons
  14 water moccasins
  2 hydra simulacra (Zot:4)
  Duvessa (D:7)
  9 hell hounds
  A floating eye (Depths:4)
  A black bear (D:5)
  The ghost of WhatIsLove the Trooper, an amateur HOMo (D:6)
  4 ice beasts
  3 sky beasts (D:7)
  A snapping turtle zombie (Crypt:2)
  42 orc warriors
  5 ogres
  An ogre (shapeshifter) (D:15)
  16 wolves
  3 boggarts (Vaults:2)
  13 centaurs
  A phantom (D:4)
  A kobold brigand (D:10)
  16 bullfrogs
  A draconian zombie (Crypt:1)
  3 necrophages
  A rime drake skeleton (Crypt:3)
  A salamander skeleton (Crypt:3)
  2 gnoll sergeants
  2 scorpions
  4 earth elementals
  Dowan (D:7)
  A shapeshifter zombie (Crypt:1)
  A yak zombie (Crypt:3)
  13 killer bees
  11 howler monkeys
  20 electric eels
  A crimson imp (D:5)
  A wolf skeleton (Crypt:3)
  A lava snake (D:9)
  24 orc priests
  7 hounds
  A jelly (D:5)
  A basilisk skeleton (Crypt:1)
  9 iguanas
  2 sleepcaps
  22 orc wizards
  6 hell rats (Lair:1)
  A boggart skeleton (Crypt:2)
  A gnoll (shapeshifter) (Vaults:5)
  11 gnolls
  12 adders
  15 white imps
  2 ufetubi
  A worm (D:2)
  5 dart slugs
  86 orcs
  8 ball pythons
  A bat zombie (Crypt:2)
  10 endoplasms
  2 giant cockroaches
  10 goblins
  9 hobgoblins
  2 jackals (D:2)
  4 quokkas
  A ball python skeleton (Crypt:3)
  2 bats
  A frilled lizard skeleton (Crypt:2)
  A goblin skeleton (Crypt:1)
  12 kobolds
  2 orc skeletons
  A quokka skeleton (Crypt:2)
  4 rats
  A butterfly (Depths:4)
  A spectral weapon (Spider:4)
  3 tentacles (Shoals:2)
2375 creatures vanquished.

Vanquished Creatures (collateral kills)
  Kirke (Spider:3)
  A tengu reaver (Vaults:5)
  An ironbound preserver (Vaults:5)
  A vault guard (Vaults:2)
  A demonic crawler (Spider:1)
  2 ironbound convokers (Vaults:2)
  A troll (Depths:1)
  A yak (Lair:4)
  A hog (Spider:3)
  3 orc warriors (Depths:1)
  2 orc priests (Depths:1)
  5 orcs (Depths:1)
20 creatures vanquished.

Vanquished Creatures (others)
  Tiamat (Zot:4)
  A sphinx (Vaults:5)
  A draconian knight (Zot:4)
  A draconian scorcher (Zot:3)
  A frost giant (Vaults:5)
  An ettin (Vaults:5)
  2 centaur warriors
  An ironbound convoker (Vaults:4)
  A deep elf pyromancer (Elf:2)
  2 moths of wrath (Zot:4)
  A merfolk siren (Shoals:4)
  A black mamba (Lair:4)
  A draconian simulacrum (Zot:4)
  A water elemental (Elf:3)
  A human (Spider:4)
  4 orcs
  28 spectral weapons
  5 tentacles (Shoals:2)
54 creatures vanquished.

Grand Total: 2449 creatures vanquished

Notes
Turn   | Place    | Note
-------+----------+-------------------------------------------
     0 | D:1      | orblet the Demonspawn Fighter began the quest for the Orb.
     0 | D:1      | Reached XP level 1. HP: 18/18 MP: 1/1
   272 | D:1      | Gained mutation: Spells you cast may paralyse adjacent
                  | enemies. [demonic ancestry]
   272 | D:1      | Reached XP level 2. HP: 24/24 MP: 2/2
  1126 | D:2      | Found Lerionn's Distillery.
  1139 | D:2      | Bought a potion of curing for 30 gold pieces
  1166 | D:2      | Noticed Sigmund
  1420 | D:2      | Gained mutation: You may rarely emit foul miasma when
                  | damaged in melee. [demonic ancestry]
  1420 | D:2      | Reached XP level 3. HP: 24/29 MP: 3/3
  1643 | D:2      | Found a faded altar of an unknown god.
  1983 | D:2      | Reached XP level 4. HP: 31/35 MP: 4/4
  2533 | D:3      | Identified the +6 scale mail "Keilok" {Rampage rF- SInv}
  3009 | D:4      | Discovered your monstrous ancestry.
  3009 | D:4      | Gained mutation: You have a pair of small antennae on your
                  | head. [demonic ancestry]
  3009 | D:4      | Reached XP level 5. HP: 38/41 MP: 5/5
  3022 | D:4      | Reached skill level 5 in Polearms
  3213 | D:4      | Found a transporter.
  3237 | D:4      | Found a transporter.
  3293 | D:4      | Noticed a phantom
  3306 | D:4      | Killed a phantom
  3307 | D:4      | Gained mutation: Your touch may inflict minor irresistible
                  | damage on your foes. [demonic ancestry]
  3307 | D:4      | Reached XP level 6. HP: 34/47 MP: 6/6
  3795 | D:5      | Entered Level 5 of the Dungeon
  3807 | D:5      | Noticed a hornet
  3820 | D:5      | Killed a hornet
  3821 | D:5      | Reached XP level 7. HP: 27/54 MP: 7/7
  4052 | D:5      | Found a staircase to the Ecumenical Temple.
  4070 | D:5      | Reached skill level 1 in Throwing
  4216 | Temple   | Entered the Ecumenical Temple
  4294 | Temple   | Became a worshipper of Qazlal Stormbringer
  4431 | D:5      | Found a shimmering altar of Xom.
  4431 | D:5      | Found a burning altar of Makhleb.
  4546 | D:5      | Reached skill level 1 in Evocations
  4568 | D:5      | Noticed Menkaure
  4577 | D:5      | Killed Menkaure
  4578 | D:5      | Reached XP level 8. HP: 46/61 MP: 8/8
  4627 | D:5      | Found a sparkling altar of Nemelex Xobeh.
  4705 | D:5      | Noticed Edmund
  4714 | D:5      | Killed Edmund
  5089 | D:6      | Found a runed translucent door.
  5206 | D:6      | Noticed WhatIsLove's ghost (amateur HOMo)
  5552 | D:6      | Found an opulent altar of Gozag.
  6415 | D:7      | Gained mutation: Your touch may inflict irresistible damage
                  | on your foes. [demonic ancestry]
  6415 | D:7      | Reached XP level 9. HP: 67/67 MP: 9/9
  6560 | D:7      | Reached skill level 1 in Invocations
  6609 | D:7      | Reached skill level 2 in Invocations
  6632 | D:7      | Reached * piety under Qazlal
  6718 | D:7      | Reached skill level 3 in Invocations
  6954 | D:7      | Noticed Duvessa
  6954 | D:7      | Noticed Dowan
  6969 | D:7      | Killed Duvessa
  6991 | D:7      | Killed Dowan
  6992 | D:7      | Reached skill level 4 in Invocations
  7092 | D:7      | Found Xoehim's General Store.
  7423 | D:8      | Noticed a troll
  7444 | D:8      | Killed a troll
  7445 | D:8      | Reached skill level 5 in Invocations
  7832 | D:8      | Reached skill level 6 in Invocations
  7843 | D:8      | Reached skill level 5 in Fighting
  7905 | D:8      | Reached skill level 10 in Polearms
  8514 | D:9      | Gained mutation: You have a pair of antennae on your head.
                  | [demonic ancestry]
  8514 | D:9      | Reached XP level 10. HP: 23/76 MP: 14/14
  9082 | D:9      | Reached ** piety under Qazlal
  9218 | D:9      | Found a staircase to the Lair.
  9252 | D:9      | Found a sacrificial altar of Ru.
  9598 | D:9      | Noticed a two-headed ogre
  9618 | D:9      | Killed a two-headed ogre
  9828 | D:9      | Upgraded the game from 0.31-a0-691-g409c26aa35 to
                  | 0.31-a0-700-gf13585253f
  9865 | D:10     | Entered Level 10 of the Dungeon
  9866 | D:10     | Noticed a +1 scimitar of chaos
  9891 | D:10     | Found a runed translucent door.
  9891 | D:10     | Found a shimmering altar of Xom.
  9891 | D:10     | Noticed MrCrawl's ghost (novice DEFE)
  9915 | D:10     | Noticed a two-headed ogre
  9930 | D:10     | Killed a two-headed ogre
  9931 | D:10     | Reached skill level 7 in Invocations
  9955 | D:10     | Found a flagged portal.
 10039 | Bailey   | Entered a bailey
 10362 | Bailey   | Reached skill level 8 in Invocations
 10862 | Bailey   | Noticed an orc knight
 10868 | Bailey   | Killed an orc knight
 10872 | Bailey   | Gained mutation: You have large cloven feet. [demonic
                  | ancestry]
 10872 | Bailey   | Reached XP level 11. HP: 66/84 MP: 10/17
 10875 | Bailey   | Identified the +8 bardiche "Utsoshig" {vamp, rCorr Int-5
                  | SInv}
 10973 | D:10     | Noticed a two-headed ogre
 10983 | D:10     | Killed a two-headed ogre
 10984 | D:10     | Reached skill level 9 in Invocations
 11032 | D:10     | Found a shadowy altar of Dithmenos.
 11055 | D:10     | Identified the +2 scale mail of Vitil {rF+ rN+}
 11528 | D:10     | Noticed a green ugly thing
 11564 | D:10     | Killed a green ugly thing
 11837 | D:10     | Noticed a glowing orange brain
 11838 | D:10     | Noticed a deep elf knight
 11841 | D:10     | Killed a glowing orange brain
 11849 | D:10     | Killed a deep elf knight
 11853 | D:10     | Identified the +4 short sword "Rialu" {freeze, rPois rC+}
 11991 | D:10     | Noticed a tengu warrior
 12004 | D:10     | Killed a tengu warrior
 12120 | Lair:1   | Entered Level 1 of the Lair of Beasts
 12331 | Lair:1   | Reached skill level 5 in Armour
 12331 | Lair:1   | Reached skill level 1 in Dodging
 13207 | Lair:1   | Gained mutation: You have a pair of large antennae on your
                  | head. (SInv) [demonic ancestry]
 13207 | Lair:1   | Reached XP level 12. HP: 83/96 MP: 18/18
 13665 | Lair:2   | Reached *** piety under Qazlal
 13785 | Lair:2   | Noticed a five-headed hydra
 13790 | Lair:2   | Killed a five-headed hydra
 13870 | Lair:2   | Reached skill level 5 in Dodging
 14583 | Lair:2   | Noticed a four-headed hydra
 14588 | Lair:2   | Killed a four-headed hydra
 16034 | Lair:1   | Reached **** piety under Qazlal
 16590 | Lair:3   | Noticed a catoblepas
 16647 | Lair:2   | Gained mutation: You sometimes emit foul miasma when
                  | damaged in melee. [demonic ancestry]
 16647 | Lair:2   | Reached XP level 13. HP: 92/101 MP: 19/19
 16744 | Lair:3   | Reached skill level 5 in Evocations
 16761 | Lair:3   | Identified a scroll of acquirement
 16761 | Lair:3   | Acquired a manual of Invocations
 16792 | Lair:3   | Found a staircase to the Shoals.
 16935 | Lair:3   | Reached skill level 10 in Invocations
 17316 | Lair:3   | Found a hole to the Spider Nest.
 17442 | Lair:3   | Reached skill level 11 in Invocations
 17777 | Lair:4   | Reached skill level 12 in Invocations
 17940 | Lair:4   | Noticed a fire dragon
 18450 | Lair:4   | Reached skill level 13 in Invocations
 18688 | Lair:4   | Found a viscous altar of Jiyva.
 18689 | Lair:4   | Found a staircase to the Slime Pits.
 19014 | Lair:4   | Reached skill level 14 in Invocations
 19277 | Lair:5   | Entered Level 5 of the Lair of Beasts
 19480 | Lair:5   | Found a dark tunnel.
 19499 | Volcano  | Entered a volcano
 19707 | Volcano  | Reached skill level 10 in Fighting
 19728 | Volcano  | Reached ***** piety under Qazlal
 20152 | Lair:4   | Reached XP level 14. HP: 73/111 MP: 24/24
 20474 | Lair:5   | Reached skill level 10 in Armour
 20952 | Lair:5   | Noticed Rupert
 21070 | Lair:5   | Killed Rupert
 21709 | D:11     | Found a staircase to the Orcish Mines.
 21926 | D:11     | Noticed Harold
 21935 | D:11     | Killed Harold
 23934 | D:13     | Noticed an ironbound thunderhulk
 23943 | D:13     | Killed an ironbound thunderhulk
 24477 | D:13     | Found a transporter.
 24825 | D:13     | Found a transporter.
 24833 | D:13     | Found a transporter.
 24869 | D:13     | Found a transporter.
 24873 | D:13     | Found a transporter.
 24925 | D:13     | Noticed Erolcha
 24929 | D:13     | Killed Erolcha
 24999 | D:13     | Found a transporter.
 25111 | D:13     | Found a gate to the Vaults.
 25332 | Orc:1    | Entered Level 1 of the Orcish Mines
 25332 | Orc:1    | Found a frozen archway.
 25430 | IceCv    | Entered an ice cave
 25498 | IceCv    | Reached skill level 10 in Dodging
 25609 | IceCv    | Gained mutation: Your touch may irresistibly damage your
                  | foes and sap their willpower. [demonic ancestry]
 25609 | IceCv    | Reached XP level 15. HP: 114/119 MP: 25/25
 25953 | IceCv    | Noticed a frost giant
 25961 | IceCv    | Killed a frost giant
 26844 | Orc:1    | Found a shimmering blue altar of Sif Muna.
 27057 | Orc:2    | Entered Level 2 of the Orcish Mines
 27206 | Orc:2    | Found Qyvuffisch's Distillery.
 27213 | Orc:2    | Found a staircase to the Elven Halls.
 27231 | Orc:2    | Reached ****** piety under Qazlal
 28070 | Orc:2    | Found Faafuom's Armour Boutique.
 28070 | Orc:2    | Found Suxa's Antique Weapon Boutique.
 28071 | Orc:2    | Found Plog's Jewellery Shop.
 28071 | Orc:2    | Found Zunah's Book Boutique.
 28085 | Orc:2    | Bought a +4 ring of protection for 612 gold pieces
 28398 | D:14     | Noticed Agnes
 28401 | D:14     | Killed Agnes
 29309 | D:14     | Reached skill level 15 in Invocations
 29402 | D:14     | Reached skill level 16 in Invocations
 29546 | D:14     | Got Demeshiop's Grimoire of Charms
 29601 | D:15     | Entered Level 15 of the Dungeon
 29935 | D:15     | Noticed a fire giant
 30542 | D:15     | Reached skill level 17 in Invocations
 30598 | D:15     | Found a staircase to the Depths.
 30718 | D:15     | Killed a fire giant
 31117 | Orc:2    | Bought a +1 pair of boots of flying for 214 gold pieces
 31310 | Shoals:1 | Entered Level 1 of the Shoals
 31317 | Shoals:1 | Noticed Jorgrun
 31409 | Lair:3   | Reached XP level 16. HP: 107/127 MP: 28/28
 31472 | Lair:3   | Killed Jorgrun
 31938 | Shoals:1 | Reached skill level 18 in Invocations
 34645 | Shoals:2 | Noticed a kraken
 34658 | Shoals:2 | Killed a kraken
 35342 | Shoals:3 | Identified the +2 pair of gloves of Qeudus {rPois rC+}
 35351 | Shoals:3 | Noticed Bai Suzhen
 35912 | Shoals:3 | Identified the +5 chain mail "Norhocum" {MP+9 Dex+6}
 36156 | Shoals:4 | Entered Level 4 of the Shoals
 36380 | Shoals:4 | Gained mutation: Spells you cast may paralyse nearby
                  | enemies. [demonic ancestry]
 36380 | Shoals:4 | Reached XP level 17. HP: 121/140 MP: 30/30
 36921 | Shoals:3 | Paralysed by a formless jellyfish for 1 turns
 37083 | Shoals:4 | Reached skill level 15 in Fighting
 37444 | Shoals:4 | Paralysed by a formless jellyfish for 1 turns
 37693 | Shoals:4 | Identified the amulet "Yterev" {Reflect rCorr Str+4 SH+5}
 38425 | Shoals:4 | Got Puukhlown's Vellum of Cooperative Talus
 38612 | Shoals:4 | Got a barnacled rune of Zot
 39213 | Vaults:1 | Entered Level 1 of the Vaults
 39423 | Vaults:1 | Noticed Donald
 39434 | Vaults:1 | Killed Donald
 39493 | Vaults:1 | Paralysed by a formless jellyfish for 1 turns
 39653 | Vaults:1 | Paralysed by a formless jellyfish for 1 turns
 39893 | Vaults:1 | Noticed Norris
 39916 | Vaults:1 | Killed Norris
 40032 | Vaults:1 | Identified the +1 plate armour of Ruvelac {rElec rF+ Will+
                  | Dex-2}
 40477 | Vaults:1 | Found Yreproff's General Store.
 40482 | Vaults:1 | Bought a scroll of brand weapon for 133 gold pieces
 40482 | Vaults:1 | Bought a potion of resistance for 140 gold pieces
 40544 | Vaults:1 | Reached skill level 10 in Evocations
 40963 | Vaults:1 | Reached skill level 19 in Invocations
 41250 | Vaults:1 | Gained mutation: You frequently emit foul miasma when
                  | damaged in melee. [demonic ancestry]
 41250 | Vaults:1 | Reached XP level 18. HP: 148/149 MP: 31/31
 42366 | Vaults:2 | Reached skill level 20 in Invocations
 42723 | Vaults:2 | Noticed Margery
 42988 | Vaults:2 | Killed Margery
 43149 | Vaults:2 | Noticed Boris
 43189 | Vaults:2 | Killed Boris
 43844 | Vaults:2 | Noticed Zenata
 44093 | Vaults:2 | Identified the +1 arbalest of Tentacled Exoneration
                  | {freeze, Dex+3}
 44271 | Vaults:2 | Killed Zenata
 44961 | Vaults:3 | Reached skill level 15 in Dodging
 45170 | Vaults:3 | Reached skill level 15 in Armour
 45405 | Vaults:3 | Gained mutation: You have hoof-like feet. [demonic
                  | ancestry]
 45405 | Vaults:3 | Reached XP level 19. HP: 135/155 MP: 33/33
 46120 | Vaults:3 | Found a staircase to the Crypt.
 47816 | Vaults:4 | Reached skill level 21 in Invocations
 47928 | Vaults:4 | Found Kevoigin's Antique Armour Shoppe.
 48561 | Vaults:4 | Reached XP level 20. HP: 146/166 MP: 34/34
 49211 | Spider:1 | Entered Level 1 of the Spider Nest
 49593 | Spider:1 | Noticed Asterion
 49604 | Spider:1 | Killed Asterion
 51096 | Spider:2 | Reached skill level 22 in Invocations
 51740 | Spider:2 | You are sucked into a shaft and drop 1 floor!
 51996 | Spider:2 | Identified the +9 shortbow "Iment" {antimagic, rPois rC++
                  | Dex-3}
 53414 | Spider:4 | Entered Level 4 of the Spider Nest
 53534 | Spider:4 | Noticed Kirke
 53583 | Spider:3 | Killed Kirke
 53705 | Spider:4 | Noticed Aizul
 53716 | Spider:4 | Killed Aizul
 54650 | Spider:4 | Got a gossamer rune of Zot
 54923 | Spider:4 | Found a runed translucent gate.
 54923 | Spider:4 | Found a runed translucent gate.
 54924 | Spider:4 | Found a runed translucent gate.
 54927 | Spider:4 | Noticed Rudeojiy's ghost (adept MiFi)
 54994 | Spider:4 | Gained mutation: You occasionally shout uncontrollably at
                  | your foes. [mutagenic glow]
 55005 | Spider:4 | Gained mutation: You sometimes lose your temper in combat.
                  | [mutagenic glow]
 55019 | Spider:4 | Killed Rudeojiy's ghost
 55023 | Spider:4 | Gained mutation: Your spells are a little easier to cast,
                  | but a little less powerful. [mutagenic glow]
 55080 | Spider:4 | Identified the +0 helmet "Zotau" {*Corrode Regen+ SInv
                  | Stlth+}
 55402 | Spider:4 | Lost mutation: Your spells are a little easier to cast, but
                  | a little less powerful. [potion of mutation]
 55402 | Spider:4 | Lost mutation: You occasionally shout uncontrollably at
                  | your foes. [potion of mutation]
 55402 | Spider:4 | Lost mutation: You sometimes lose your temper in combat.
                  | [potion of mutation]
 55402 | Spider:4 | Gained mutation: You are clumsy. (Dex -2) [potion of
                  | mutation]
 55402 | Spider:4 | Gained mutation: You are partially covered in iridescent
                  | scales. (AC +2) [potion of mutation]
 55402 | Spider:4 | Gained mutation: You are somewhat resistant to further
                  | mutation. [potion of mutation]
 55729 | D:2      | Killed Sigmund
 55945 | D:6      | Killed WhatIsLove's ghost
 56243 | D:10     | Killed MrCrawl's ghost
 56653 | Elf:1    | Entered Level 1 of the Elven Halls
 56856 | Elf:1    | Reached XP level 21. HP: 127/174 MP: 36/36
 57086 | Elf:1    | Found Jeiguo Pamoq's Jewellery Emporium.
 57091 | Elf:1    | Bought a ring of protection from fire for 400 gold pieces
 57166 | Elf:1    | Noticed Azrael
 57180 | Elf:1    | Killed Azrael
 57620 | Elf:2    | Found a huge runed translucent gate.
 57621 | Elf:2    | Found a huge runed translucent gate.
 57621 | Elf:2    | Found a huge runed translucent gate.
 57623 | Elf:2    | Found a huge runed translucent gate.
 57623 | Elf:2    | Found a huge runed translucent gate.
 57624 | Elf:2    | Found a huge runed translucent gate.
 57624 | Elf:2    | Found a huge runed translucent gate.
 57625 | Elf:2    | Found a huge runed translucent gate.
 57627 | Elf:2    | Identified the +4 double sword "Jellybane" {holy, rElec
                  | Will- Str+9 Dex+3}
 57628 | Elf:2    | Identified the +8 double sword "Egiy" {speed, rPois Dex+3
                  | Stlth-}
 58545 | Elf:2    | Found Arefeq's Distillery.
 58664 | Elf:2    | Bought 2 potions of curing for 102 gold pieces
 58777 | Elf:2    | Found a runed translucent gate.
 58778 | Elf:2    | Found a runed translucent gate.
 58778 | Elf:2    | Found a runed translucent gate.
 58830 | Elf:3    | Entered Level 3 of the Elven Halls
 58885 | Elf:3    | Found Leuten's Mass Market.
 59419 | Elf:3    | Identified the +2 scimitar of the Valley of Death {flame,
                  | rCorr}
 59424 | Elf:3    | Identified the +0 scimitar "Juimutt" {venom, rC+}
 60211 | Elf:3    | Identified the +6 chain mail of Histrionic the Good {Dex+5}
 60523 | Elf:3    | HP: 7/174 [deep elf sorcerer/+2 rapier of speed (18)]
 60862 | Elf:3    | Got Xutodgh's Lectures on Septic Nonlocality
 60888 | Elf:3    | Identified the staff "Ynaira" {Int-5 Dex+3 SInv Earth}
 60893 | Elf:3    | Got Eringya's Anthology of Contamination and Moulding
 60930 | Elf:3    | Acquired the +3 Elemental Staff {ele, rElec rF+ rC+ AC+3}
 60930 | Elf:3    | Found the +3 Elemental Staff {ele, rElec rF+ rC+ AC+3}
 61030 | Elf:3    | Noticed Roxanne
 61390 | Depths:1 | Entered Level 1 of the Depths
 61408 | Depths:1 | Found a one-way gate to the infinite horrors of the Abyss.
 61420 | Depths:1 | Noticed Louise
 61446 | Depths:1 | Killed Louise
 61537 | Depths:1 | Noticed Boris
 61565 | Depths:1 | Killed Boris
 61566 | Depths:1 | Reached skill level 1 in Staves
 61700 | Depths:1 | Noticed Saint Roka
 61883 | Depths:1 | Killed Saint Roka
 62199 | Depths:1 | Found an ancient bone altar of Kikubaaqudgha.
 62519 | Depths:1 | Gained mutation: Your hexes are more powerful. [demonic
                  | ancestry]
 62519 | Depths:1 | Reached XP level 22. HP: 155/182 MP: 37/37
 62655 | Depths:1 | Found a shimmering altar of Xom.
 63080 | Depths:1 | Found a gateway to Hell.
 63838 | Depths:1 | Got Tuuwuj's Directory of the Algid Blink Frog
 63923 | Depths:2 | Reached skill level 5 in Staves
 63924 | Depths:2 | Found a one-way gate leading to the halls of Pandemonium.
 64519 | Depths:2 | Found a runed translucent door.
 66029 | Depths:2 | Identified the +2 pair of gloves of Impressiveness {rPois
                  | rC- Regen+ rCorr}
 66781 | Depths:3 | Noticed a juggernaut
 66781 | Depths:3 | Noticed a golden dragon
 66783 | Depths:3 | Found a runed translucent door.
 66785 | Depths:3 | Noticed a juggernaut
 66832 | Depths:3 | Found a hide-covered altar of Uskayaw.
 66909 | Depths:3 | Reached skill level 15 in Evocations
 67357 | Depths:3 | Found a gateway to a bazaar.
 67517 | Depths:3 | Found a one-way gateway to a ziggurat.
 67653 | Bazaar   | Entered a bazaar
 67653 | Bazaar   | Found Noos's Armour Emporium.
 67656 | Bazaar   | Found Huphul's Armour Shoppe.
 67667 | Bazaar   | Found Qyary's Weapon Boutique.
 67671 | Bazaar   | Found Zourghietu's General Store.
 67680 | Bazaar   | Bought the ring of Mirth {rN+ EV+5} for 566 gold pieces
 67688 | Bazaar   | Found Virreg's Armour Boutique.
 67723 | Bazaar   | Bought quicksilver dragon scales for 540 gold pieces
 67873 | Depths:3 | Killed a golden dragon
 67900 | Depths:3 | Killed a juggernaut
 67911 | Depths:3 | Killed a juggernaut
 68128 | Depths:3 | Identified the +3 leather armour of Asimykli {+Inv rElec
                  | Will++ Int+2}
 68168 | Depths:4 | Entered Level 4 of the Depths
 68406 | Depths:4 | Reached XP level 23. HP: 167/188 MP: 38/38
 68966 | Depths:4 | Found a gate to the Realm of Zot.
 69119 | Depths:4 | Noticed a juggernaut
 69133 | Depths:4 | Killed a juggernaut
 70628 | Crypt:1  | Entered Level 1 of the Crypt
 70980 | Crypt:1  | Noticed Frederick
 70993 | Crypt:1  | Killed Frederick
 71661 | Crypt:2  | Noticed Boris
 71702 | Crypt:1  | Paralysed by a vampire knight for 2 turns
 72784 | Crypt:1  | Killed Boris
 73705 | Crypt:2  | Found a runed translucent gate.
 73706 | Crypt:2  | Found a runed translucent gate.
 73707 | Crypt:2  | Found a runed translucent gate.
 73709 | Crypt:2  | Noticed Nuh Ema's ghost (veteran HuVM)
 74121 | Crypt:2  | Killed Nuh Ema's ghost
 74163 | Crypt:3  | Entered Level 3 of the Crypt
 74242 | Crypt:3  | Identified the +3 dagger of Theory {flame, rElec}
 74929 | Crypt:3  | Found a staircase to the Tomb.
 74929 | Crypt:3  | Identified the +1 robe of the Maze {rPois Slay+3 SInv
                  | Stlth-}
 75388 | Crypt:3  | Found a basalt altar of Yredelemnul.
 75625 | Crypt:3  | Noticed an ancient lich
 75625 | Crypt:3  | Noticed a dread lich
 75800 | Crypt:3  | Killed a dread lich
 75817 | Crypt:3  | Killed an ancient lich
 75837 | Crypt:3  | Noticed a dread lich
 75837 | Crypt:3  | Noticed a dread lich
 76210 | Crypt:3  | Killed a dread lich
 76211 | Crypt:3  | Gained mutation: Spells you cast and wands you use may
                  | paralyse nearby enemies. [demonic ancestry]
 76211 | Crypt:3  | Reached XP level 24. HP: 184/195 MP: 38/38
 76224 | Crypt:3  | Killed a dread lich
 76263 | Crypt:3  | Identified the +7 plate armour of Generosity {rN++ Int+2}
 76272 | Crypt:3  | Got Tacwimoi's Secrets of the Damned
 76273 | Crypt:3  | Identified the +3 dagger "Legu" {heavy, rC+ Int+2}
 76416 | Vaults:5 | Entered Level 5 of the Vaults
 76678 | Vaults:5 | Noticed a dread lich
 76682 | Vaults:5 | Noticed an ancient lich
 76684 | Vaults:5 | Noticed a dread lich
 76704 | Vaults:5 | Killed a dread lich
 76747 | Vaults:5 | Identified the ring of Xom's Ringing Laughter {Fire Dex+3}
 76812 | Vaults:5 | Killed an ancient lich
 76859 | Vaults:5 | Identified the +3 scale mail of Jemacuus {Drain rN+ rCorr
                  | Int+2}
 77012 | Vaults:5 | Paralysed by a dread lich for 2 turns
 77016 | Vaults:5 | Killed a dread lich
 77111 | Vaults:5 | Identified the ring "Belousyi" {rElec rF++ rC+ Int-4}
 77153 | Vaults:5 | Identified the +9 orcbow "Impslayer" {flame, Dex+4}
 77153 | Vaults:5 | Identified the +3 troll leather armour of Absolutism {-Tele
                  | Harm Fly Regen+}
 77494 | Vaults:5 | Identified the +1 scale mail of the Harp {rPois Will-
                  | Regen+ Stlth+}
 77666 | Vaults:5 | Identified the +8 quarterstaff of Piplaezu {flame, rPois
                  | rF++}
 77666 | Vaults:5 | Identified the ring "Irhezebb" {rElec MP+9 AC+4 Str+4
                  | Dex-4}
 78208 | Vaults:5 | Got a silver rune of Zot
 78498 | Vaults:5 | Identified the +4 great sword of the Grinning Salmon
                  | {flame, Dex+4}
 78499 | Vaults:5 | Identified the +7 rapier "Bomaops" {freeze, Will+++ Str-5
                  | Int+3 Stlth+}
 78501 | Vaults:5 | Identified the +0 scale mail of Midwinter {Str+2}
 79019 | Zot:1    | Entered Level 1 of the Realm of Zot
 79643 | Depths:4 | Gained mutation: You have hooves in place of feet. [demonic
                  | ancestry]
 79643 | Depths:4 | Reached XP level 25. HP: 201/210 MP: 38/38
 80972 | Zot:1    | Reached skill level 23 in Invocations
 81369 | Zot:2    | Noticed a Killer Klown
 81387 | Zot:2    | Killed a Killer Klown
 82027 | Zot:2    | Identified the +0 plate armour "Cyv Qir" {rC+ Int+3 Dex-4}
 82450 | Zot:2    | Identified the +10 mace "Feovici" {heavy, rElec rF- Will+
                  | Str+4}
 82556 | Zot:2    | Reached skill level 24 in Invocations
 82720 | Zot:2    | Found a huge runed gate.
 82723 | Zot:2    | Found a huge runed gate.
 82723 | Zot:2    | Found a huge runed gate.
 82723 | Zot:2    | Found a huge runed gate.
 82723 | Zot:2    | Found a huge runed gate.
 82723 | Zot:2    | Found a huge runed gate.
 82723 | Zot:2    | Found a huge runed gate.
 82723 | Zot:2    | Found a huge runed gate.
 82725 | Zot:2    | Found a huge runed gate.
 82725 | Zot:2    | Found a huge runed gate.
 82725 | Zot:2    | Found a huge runed gate.
 82725 | Zot:2    | Found a huge runed gate.
 82725 | Zot:2    | Found a huge runed gate.
 82726 | Zot:2    | Found a huge runed gate.
 82873 | Zot:2    | Found a huge runed gate.
 82873 | Zot:2    | Found a huge runed gate.
 82873 | Zot:2    | Found a huge runed gate.
 82873 | Zot:2    | Found a huge runed gate.
 82874 | Zot:2    | Found a huge runed gate.
 82874 | Zot:2    | Found a huge runed gate.
 82875 | Zot:2    | Found a huge runed gate.
 82876 | Zot:2    | Found a huge runed gate.
 82877 | Zot:2    | Found a huge runed gate.
 82878 | Zot:2    | Found a huge runed gate.
 82879 | Zot:2    | Found a huge runed gate.
 82887 | Zot:2    | Found a huge runed gate.
 82887 | Zot:2    | Found a huge runed gate.
 82887 | Zot:2    | Found a huge runed gate.
 82887 | Zot:2    | Found a huge runed gate.
 82887 | Zot:2    | Found a huge runed gate.
 82887 | Zot:2    | Found a huge runed gate.
 82888 | Zot:2    | Found a huge runed gate.
 82889 | Zot:2    | Found a huge runed gate.
 82890 | Zot:2    | Found a huge runed gate.
 82898 | Zot:2    | Found a huge runed gate.
 82898 | Zot:2    | Found a huge runed gate.
 83099 | Zot:2    | Noticed a Killer Klown
 83099 | Zot:2    | Noticed a Killer Klown
 83099 | Zot:2    | Noticed a Killer Klown
 83099 | Zot:2    | Noticed a Killer Klown
 83099 | Zot:2    | Noticed a Killer Klown
 84081 | Zot:3    | Reached skill level 25 in Invocations
 84714 | Zot:4    | Identified the ring of the Rescuing King {Ice rCorr Str+3}
 84714 | Zot:4    | Noticed Josephina
 84786 | Zot:4    | Found the +4 dragonskin cloak
 84786 | Zot:4    | Noticed Tiamat
 84794 | Zot:4    | Killed Josephina
 84795 | Zot:4    | Gained mutation: Your melee attacks may debilitate your
                  | foes. [demonic ancestry]
 84795 | Zot:4    | Reached XP level 26. HP: 154/207 MP: 39/39
 85022 | Zot:4    | Your ally Tiamat died
 85582 | Zot:4    | Noticed an orb of fire
 85629 | Zot:4    | Killed an orb of fire
 85950 | Zot:4    | Reached skill level 26 in Invocations
 86087 | Zot:4    | Noticed an orb of fire
 86093 | Zot:4    | Gained mutation: You are occasionally teleported next to
                  | monsters. [an orb of fire]
 86101 | Zot:4    | Killed an orb of fire
 86240 | Zot:4    | Lost mutation: You are clumsy. (Dex -2) [potion of
                  | mutation]
 86240 | Zot:4    | Lost mutation: You are somewhat resistant to further
                  | mutation. [potion of mutation]
 86240 | Zot:4    | Lost mutation: You are partially covered in iridescent
                  | scales. (AC +2) [potion of mutation]
 86240 | Zot:4    | Gained mutation: Your spells are a little harder to cast,
                  | but a little more powerful. [potion of mutation]
 86240 | Zot:4    | Gained mutation: You are partially covered in iridescent
                  | scales. (AC +2) [potion of mutation]
 86241 | Zot:4    | Lost mutation: You are occasionally teleported next to
                  | monsters. [potion of mutation]
 86241 | Zot:4    | Lost mutation: Your spells are a little harder to cast, but
                  | a little more powerful. [potion of mutation]
 86241 | Zot:4    | Lost mutation: You are partially covered in iridescent
                  | scales. (AC +2) [potion of mutation]
 86241 | Zot:4    | Gained mutation: You have hidden genetic defects. [potion
                  | of mutation]
 86241 | Zot:4    | Gained mutation: You occasionally shout uncontrollably at
                  | your foes. [potion of mutation]
 86241 | Zot:4    | Gained mutation: Your flesh is heat resistant. (rF+)
                  | [potion of mutation]
 86243 | Zot:4    | Lost mutation: You have hidden genetic defects. [potion of
                  | mutation]
 86243 | Zot:4    | Lost mutation: Your flesh is heat resistant. (rF+) [potion
                  | of mutation]
 86243 | Zot:4    | Lost mutation: You occasionally shout uncontrollably at
                  | your foes. [potion of mutation]
 86243 | Zot:4    | Gained mutation: Your flesh is cold resistant. (rC+)
                  | [potion of mutation]
 86920 | Zot:5    | Entered Level 5 of the Realm of Zot
 88032 | Zot:5    | Reached skill level 27 in Invocations
 88238 | Zot:5    | Noticed an orb of fire
 88258 | Zot:5    | Killed an orb of fire
 88347 | Zot:5    | Noticed a dread lich
 88357 | Zot:5    | Paralysed by a dread lich for 5 turns
 88374 | Zot:5    | Killed a dread lich
 88580 | Zot:5    | Noticed a dread lich
 88601 | Zot:5    | Killed a dread lich
 88626 | Zot:5    | Noticed an orb of fire
 88650 | Zot:5    | Killed an orb of fire
 88731 | Zot:5    | Noticed an orb of fire
 88746 | Zot:5    | Gained mutation: Armour fits poorly on your strangely
                  | shaped body. [an orb of fire]
 88753 | Zot:5    | Killed an orb of fire
 88984 | Zot:5    | Noticed an orb of fire
 88996 | Zot:5    | Killed an orb of fire
 89555 | Zot:5    | Gained mutation: You are surrounded by an aura of silence.
                  | [demonic ancestry]
 89555 | Zot:5    | Reached XP level 27. HP: 223/228 MP: 40/40
 89898 | Zot:5    | Noticed an orb of fire
 89916 | Zot:5    | Noticed an orb of fire
 89919 | Zot:5    | Killed an orb of fire
 89930 | Zot:5    | Gained mutation: You are clumsy. (Dex -2) [an orb of fire]
 89932 | Zot:5    | Killed an orb of fire
 90189 | Zot:5    | Got the Orb of Zot
 90779 | D:$      | Escaped with the Orb!

Illustrated notes

Levels and vault maps discovered:
D:1:      dpeg_arrival_short_road, layout_basic, minmay_misc_feat_columns
D:2:      layout_basic, hellmonk_ecumenical_altar_slurped_away, serial_shops,
          nicolae_shop_industrial_runoff, minmay_divided_ellipse, uniq_sigmund
D:3:      layout_rooms
D:4:      gammafunk_steamed_eel, layout_basic, kennysheep_orc_chapel
D:5:      layout_loops_ring, nemelex_xobeh_ov_fountains_minmay,
          grunt_temple_overflow_champion_of_chaos, minmay_temple_entry_wispy,
          uniq_menkaure, uniq_edmund
D:6:      kennysheep_steamy, layout_basic, mainiacjoe_overflow_alcove_2,
          ebering_ghost_reflecting_pool, minivault_25
D:7:      cheibrodos_two_vegetables, layout_gridville, serial_shops, shop,
          uniq_duvessa
D:8:      layout_loops_ring, minmay_circle_x
D:9:      layout_small_grid, lemuel_tele_altar, erik_lair_island,
          kennysheep_big_empty_room
D:10:     minmay_shrinking_squares, layout_irregular_city,
          grunt_dithmenos_smoke, ebering_ghost_xom, enter_bailey_5,
          minivault_19, dreamdust_princess_bridge
D:11:     layout_basic, uniq_harold
D:12:     layout_long_grid
D:13:     layout_cave_pods, hellmonk_vaults_keyhole, serial_nicolae_subway,
          nicolae_sub_station_crystal, nicolae_sub_station_metal,
          nicolae_sub_station_stone, uniq_erolcha
D:14:     layout_loops_corners, serial_bayou_pond_c, evilmike_minifort,
          uniq_agnes
D:15:     hellmonk_depths_entry_around_the_bend, layout_irregular_city,
          minivault_19
Temple:   minmay_temple_bridge_d
Lair:1:   layout_cave_pods, eino_small_chamber_without_monster
Lair:2:   layout_cave_pods, infiniplex_staircase_pool, serial_bayou_shore_a
Lair:3:   layout_hall_layers, elwin_shoals_entry_rocks,
          spider_nest_entry_funnel_web
Lair:4:   dragon1_lemuel, layout_regular_city, slime_entry_1, serial_bayou,
          serial_bayou_pond_a, serial_bayou_lake_a, serial_bayou_crossing,
          serial_bayou_shore_b, chequers_serial_rivers_micro_e
Lair:5:   minmay_lair_end_frog_pond, layout_cave_pods,
          lightli_volcano_entry_magma_tube, chequers_serial_rivers_micro_c,
          lemuel_old_faithful, uniq_rupert
Shoals:1: nicolae_shoals_island_circles, layout_shoals,
          nicolae_shoals_water_shrine, uniq_jorgrun
Shoals:2: layout_shoals, nicolae_shoals_arrival_archipelago
Shoals:3: layout_shoals, uniq_bai_suzhen
Shoals:4: shoals_end_hangedman, layout_shoals
Spider:1: layout_chambers, uniq_asterion
Spider:2: layout_spider_delve
Spider:3: layout_spider_delve
Spider:4: grunt_spider_rune_circles, gammafunk_ghost_tricky_traps, uniq_aizul,
          uniq_kirke
Orc:1:    layout_caves, portal_ice_cave_entry_imps, led_sif_book
Orc:2:    st_orc_pillars, layout_caves, serial_shops,
          nicolae_shop_tiny_waterfront, mines2_david
Elf:1:    layout_geoelf_octagon, serial_shops, nicolae_shop_tiny_statue_garden,
          hangedman_elf_represent, uniq_azrael
Elf:2:    nicolae_elf_blades_crystal_corner, layout_geoelf_grid, serial_shops,
          shop, nicolae_elf_double_double_double_trouble
Elf:3:    minmay_elf_hall_statues, layout_loops_cross, minmay_shop_mass,
          minmay_fountain_box, lemuel_flame_loot_1, uniq_roxanne
Vaults:1: nicolae_vaults_wrenched, hangedman_vaults_corner, grunt_vaults_focal,
          nicolae_vaults_closet_pinwheel_5, v_alt_pattern_3,
          ontoclasm_vaults_shuriken, grunt_vaults_twisty,
          nicolae_vaults_diamond_1, nicolae_vaults_closet_pinwheel_4,
          vaults_dpeg_cross, nicolae_vaults_ring_of_whatevers,
          layout_vaults_omnigrid, serial_shops, nicolae_shop_just_a_little_nook,
          uniq_norris, uniq_donald
Vaults:2: vaults_standard_mumra_x, dpeg_vaults_monster_row, v_pattern_1,
          nicolae_vaults_ring_of_whatevers, nicolae_vaults_cochlea,
          grunt_vaults_bifocal, nicolae_vaults_statue_guard, v_alt_pattern_4,
          vaults_room_door_ring, hangedman_vaults_slice,
          nicolae_vaults_yaktaur_gun_rack, layout_vaults_big_room, uniq_boris,
          uniq_margery, uniq_zenata
Vaults:3: minmay_crypt_entry_nasty_monster, hangedman_vaults_impose, v_misc_30,
          v_alt_pattern_4, hangedman_vaults_hat, v_misc_13,
          nicolae_vaults_cornered_office, nicolae_vaults_closet_pinwheel_3,
          nicolae_vaults_prndl, nicolae_vaults_closet_pinwheel_1,
          nicolae_vaults_wine_cellar, nicolae_vaults_layer_cake_slice,
          layout_vaults_maze_bifur
Vaults:4: nicolae_vaults_two_Ls, vaults_dpeg_encased_lava,
          nicolae_vaults_meiosis, v_misc_3, vaults_room_stairs_pillars,
          v_misc_10, nicolae_vaults_storage_room_statues, vaults_mumra_chevron,
          vaults_room_door_hall, layout_vaults_omnicross, serial_shops, shop
Vaults:5
Crypt:1:  layout_misc_corridors, corexii_leaking_fountain, uniq_frederick
Crypt:2:  layout_chaotic_city, ebering_ghost_rock_garden, minivault_11,
          grunt_megastairs_3
Crypt:3:  david_glass_crypt, layout_misc_corridors, minmay_misc_feat_five,
          minivault_14, hangedman_blasphemy
Depths:1: kennysheep_windowed_halls, layout_basic, grunt_hell_entry_dis_grunt,
          kiku_gazebo_garden_becter, nicolae_abyss_entry_one_way_or_another,
          xom_teletrap_fun, uniq_saint_roka
Depths:2: kennysheep_blocky_hall, layout_basic, abyss_entry, hell_entry,
          rand_demon_pan_entry_3, hex_medium, kennysheep_cross_bottleneck,
          grunt_decor_clamped, minmay_acid_items
Depths:3: minmay_gate_of_8, layout_gridville, enter_ziggurat_a,
          hangedman_abyss_entry_splay, grunt_pan_entry_spiral,
          pf_hell_entry_tar_spiral, serial_shops, statue_bzr,
          nicolae_uskayaw_dance_hall, kennysheep_generic_room_3
Depths:4: evilmike_zot_entry_diamond, layout_cave_shapes, hell_entry,
          nicolae_elyvilon_peaceful_grove, hangedman_decor_riveting
Zot:1:    layout_onion_interference
Zot:2:    hangedman_zot_vaults_quadrants, layout_onion_interference,
          grunt_ministairs_2, not_door_vault_due
Zot:3:    layout_onion_interference
Zot:4:    layout_basic, hangedman_elemental_grid_stream, uniq_tiamat,
          uniq_josephina
Zot:5:    layout_twisted_circle

Skill      XL: |  1  2  3  4  5  6  7  8  9 10 11 12 13 14 15 16 17 18 19 20 21 22 23 24 25 26 |
---------------+-------------------------------------------------------------------------------+-----
Polearms       | 2 3 4 5 6 7 8 10 11 12 13 14 | 14.5
Fighting       | 4 6 7 9 10 11 14 15 16 17 19 21 | 21.6
Throwing       | 1 |  1.2
Evocations     | 2 3 4 7 10 11 12 16 21 22 | 22.6
Armour         | 4 6 9 12 13 15 16 17 18 19 22 23 | 23.0
Invocations    | 6 8 9 14 17 18 19 20 21 22 25 27 | 27.0
Dodging        | 3 7 10 11 13 15 16 17 18 20 | 20.1
Staves         | 3 7 |  7.6
Shields        | |  2.6

Action                     |  1- 3 |  4- 6 |  7- 9 | 10-12 | 13-15 | 16-18 | 19-21 | 22-24 | 25-27 || total
---------------------------+-------+-------+-------+-------+-------+-------+-------+-------+-------++-------
  Melee: Trident           |   139 |   158 |   371 |   721 |  1576 |  1221 |       |       |       ||  4186
         Touch             |       |    11 |    71 |   126 |   296 |   319 |   398 |   572 |   388 ||  2181
         Punch             |       |       |     3 |     9 |    23 |    32 |    36 |    52 |    33 ||   188
         Demon trident     |       |       |       |       |       |   403 |  1878 |       |   126 ||  2407
         Staff             |       |       |       |       |       |       |   167 |  2238 |  1468 ||  3873
         Kick              |       |       |       |       |       |       |       |       |   901 ||   901
  Throw: Dart              |     3 |     2 |       |    23 |       |     1 |     1 |     3 |       ||    33
 Invoke: Upheaval          |       |       |       |     3 |    15 |    13 |     5 |     6 |     3 ||    45
         Elemental Force   |       |       |       |       |     1 |       |     1 |       |       ||     2
         Disaster Area     |       |       |       |       |       |     1 |       |       |       ||     1
  Evoke: Wand              |       |       |     3 |    29 |    16 |    30 |    13 |    17 |    15 ||   123
         Box of beasts     |       |       |       |       |       |     2 |     1 |       |       ||     3
         Phial of floods   |       |       |       |       |       |     1 |     1 |       |       ||     2
    Use: Scroll            |       |     3 |    10 |    13 |     8 |    15 |     7 |     8 |    10 ||    74
         Potion            |       |     3 |     4 |     5 |     1 |    11 |     8 |     6 |    13 ||    51
   Stab: Held in net/web   |       |       |       |       |     2 |       |       |       |       ||     2
         Distracted        |       |       |       |       |       |     2 |    23 |     1 |     4 ||    30
         Paralysed         |       |       |       |       |       |       |     4 |       |    13 ||    17
         Confused          |       |       |       |       |       |       |       |       |     4 ||     4
 Armour: Scale mail        |    75 |   116 |   175 |   388 |   254 |       |       |       |       ||  1008
         Chain mail        |       |       |       |       |   258 |   644 |   614 |   993 |   542 ||  3051
  Dodge: Dodged            |    40 |    56 |   125 |   171 |   414 |   638 |   669 |  1308 |   888 ||  4309
         Repelled          |       |       |       |       |    18 |    17 |    19 |    21 |    51 ||   126
  Block: Buckler           |    21 |    18 |       |       |       |       |       |       |       ||    39
         Other             |       |       |    66 |   195 |   470 |   657 |   641 |   966 |   545 ||  3540
         Reflection        |       |       |     2 |    29 |    47 |   131 |    48 |    25 |     9 ||   291

Table legend: (Time is in decaauts)
 A = Elapsed time spent in this place.
 B = Non-inter-level travel time spent in this place.
 C = Inter-level travel time spent in this place.
 D = Time resting spent in this place.
 E = Time spent auto-exploring this place.
 F = Levels seen in this place.
 G = Mean time per level.
                   A        B        C        D        E       F      G
               +--------+--------+--------+--------+--------+-----+--------+
         Total |  87301 |  81879 |   5422 |  28776 |  32967 |  55 | 1587.3 |
       Dungeon |  19037 |  16857 |   2180 |   4171 |   9147 |  15 | 1269.1 |
        Temple |    149 |     12 |    137 |      0 |      0 |   1 |  149.0 |
          Lair |  10279 |   9500 |    779 |   3961 |   3567 |   5 | 2055.8 |
        Shoals |   6921 |   6672 |    249 |   2508 |   2465 |   4 | 1730.2 |
   Spider Nest |   5683 |   5518 |    165 |   1269 |   3091 |   4 | 1420.8 |
  Orcish Mines |   1953 |   1730 |    223 |    323 |    912 |   2 |  976.5 |
   Elven Halls |   4391 |   4298 |     93 |   1580 |   1517 |   3 | 1463.7 |
        Vaults |  11658 |  11073 |    585 |   3454 |   4417 |   5 | 2331.6 |
         Crypt |   5457 |   5194 |    263 |   2288 |   1882 |   3 | 1819.0 |
        Depths |   9316 |   8805 |    511 |   3493 |   3423 |   4 | 2329.0 |
           Zot |  10038 |   9805 |    233 |   4797 |   2063 |   5 | 2007.6 |
        Bazaar |     85 |     85 |      0 |      0 |     39 |   1 |   85.0 |
        Bailey |    932 |    932 |      0 |    485 |    106 |   1 |  932.0 |
      Ice Cave |   1013 |   1013 |      0 |    245 |    336 |   1 | 1013.0 |
       Volcano |    384 |    384 |      0 |    198 |      0 |   1 |  384.0 |
               +--------+--------+--------+--------+--------+-----+--------+

Top non-repeatable levels by time:
Vaults:1: 3047 daAuts
   Zot:5: 2959 daAuts
 Crypt:1: 2617 daAuts
Vaults:2: 2547 daAuts
Depths:1: 2535 daAuts
Depths:4: 2476 daAuts
  Lair:2: 2428 daAuts
Depths:2: 2414 daAuts
  Lair:1: 2353 daAuts
   Elf:3: 2324 daAuts
Shoals:4: 2239 daAuts
  Lair:4: 2180 daAuts
Shoals:1: 2122 daAuts
Vaults:3: 2093 daAuts
Vaults:4: 2015 daAuts
